 Dungeon Crawl Stone Soup version 0.30-a0-269-gf0224bf7b6 (webtiles) character file.

Game seed: 11120645582547367867

9373 funkygono the Arsonist (level 11, -46/64 HPs)
             Began as a Gargoyle Fire Elementalist on Oct 14, 2022.
             Was an Elder of Vehumet.
             Annihilated by an enormous slime creature (69 damage)
             ... on level 10 of the Dungeon.
             The game lasted 00:29:55 (12732 turns).

funkygono the Arsonist (GrFE)                      Turns: 12732, Time: 00:29:56

Health: -46/64     AC: 20    Str:  9    XL:     11   Next: 45%
Magic:  2/23       EV: 12    Int: 30    God:    Vehumet [****..]
Gold:   722        SH:  0    Dex: 10    Spells: 9/27 levels left

rFire   . . .      SeeInvis .    h - +2 whip (protect)
rCold   . . .      Faith    .    (no shield)
rNeg    + . .      Spirit   .    C - +2 robe of Sidua {rPois rCorr Str-3 Int+4}
rPois   ∞          Reflect  .    i - +2 hat
rElec   +          Harm     .    r - +0 cloak
rCorr   +          Rampage  .    (no gloves)
Will    .....                    I - +0 pair of boots
Stlth   ++........               (no amulet)
HPRegen 0.30/turn                f - +4 ring of protection
MPRegen 0.18/turn                u - +6 ring of intelligence

@: no status effects
A: sickness immunity, AC +8, negative energy resistance 1, electricity
resistance, torment resistance 1, petrification resistance
a: Renounce Religion


You were on level 10 of the Dungeon.
You worshipped Vehumet.
Vehumet was greatly pleased with you.
You visited 2 branches of the dungeon, and saw 11 of its levels.
You also visited: Bailey.

You collected 722 gold pieces.

Inventory:

Hand Weapons
 h - a +2 whip of protection (weapon)
 q - a +4 quarterstaff of chaos
 B - a +2 mace of holy wrath
 O - a -1 demon whip of venom
 P - a +0 whip of freezing
Missiles
 n - 12 throwing nets
Armour
 i - a +2 hat (worn)
 r - a +0 cloak (worn)
 C - the +2 robe of Sidua (worn) {rPois rCorr Str-3 Int+4}
   (You found it on level 4 of the Dungeon)

   Str:       It affects your strength (-3).
   Int:       It affects your intelligence (+4).
   rPois:     It protects you from poison.
   rCorr:     It protects you from acid and corrosion.
 G - the +1 leather armour "Gonnipt" {-Tele Dex+5}
   (You took it off a gnoll on level 5 of the Dungeon)

   Dex:       It affects your dexterity (+5).
   -Tele:     It prevents most forms of teleportation.
 I - a +0 pair of boots (worn)
 M - a +3 ring mail
 N - a +0 crystal plate armour
 R - a +1 hat
Magical Staves
 y - a staff of conjuration
 K - a staff of cold
Jewellery
 a - a ring of wizardry
 f - a +4 ring of protection (left hand)
 s - a ring of resist corrosion
 u - a +6 ring of intelligence (right hand)
 x - a +6 ring of intelligence
 E - a ring of ice
 F - a ring of positive energy
Wands
 Q - a wand of polymorph (4)
Scrolls
 d - 3 scrolls of vulnerability
 g - a scroll of teleportation
 p - a scroll of brand weapon
 v - 2 scrolls of fear
 D - a scroll of summoning
 H - 2 scrolls of poison
Potions
 b - a potion of might
 c - 5 potions of curing
 e - 2 potions of mutation
 j - 5 potions of haste
 k - 2 potions of invisibility
 l - a potion of berserk rage
 m - 3 potions of flight
 o - a potion of lignification
 t - 3 potions of brilliance
 z - a potion of resistance
 A - a potion of degeneration {unknown}
Miscellaneous
 J - a tin of tremorstones (1/2)
 L - a piece from Xom's chessboard (15/15)


   Skills:
 * Level 6.2 Fighting
 + Level 2.2 Maces & Flails
 + Level 3.3 Dodging
 - Level 3.0 Stealth
 + Level 8.6 Spellcasting
 + Level 8.4 Conjurations
 + Level 9.9 Fire Magic
 + Level 4.8 Earth Magic
 + Level 2.0 Poison Magic
 + Level 1.0 Evocations


You had 9 spell levels left.
You knew the following spells:

 Your Spells              Type           Power      Damage    Failure   Level
a - Foxfire               Conj/Fire      100%       2x1d9     1%          1
b - Scorch                Fire           100%       2d10      1%          2
c - Kindle Blastsparks    Fire/Tloc/Air  64%        2d15      1%          3
d - Flame Wave            Conj/Fire      62%        2d14      1%          4
e - Sandblast             Erth           84%        2d18      1%          1
f - Stone Arrow           Conj/Erth      100%       3d13      1%          3
g - Magic Dart            Conj           100%       1d8       1%          1
h - Ignite Poison         Fire/Tmut/Pois 36%        N/A       1%          3

Your spell library contained the following spells:

 Spells                   Type           Power      Damage    Failure   Level
 Dazzling Flash           Conj/Hex       76%        N/A       1%          3
 Inner Flame              Hex/Fire       42%        N/A       1%          3
 Passwall                 Tmut/Erth      22%        N/A       2%          2
 Irradiate                Conj/Tmut      19%        3d18      5%          5
 Petrify                  Tmut/Erth      27%        N/A       14%         4
 Cause Fear               Hex            6%         N/A       38%         4
 Dragon Form              Tmut           6%         N/A       100%        7
 Discord                  Hex            6%         N/A       100%        8
 Dragon's Call            Summ           6%         N/A       100%        9
 Sublimation of Blood     Necr           Unusable   N/A       N/A         2

Dungeon Overview and Level Annotations

Branches:
Dungeon (10/15)            Temple (1/1) D:5          Bailey (visited)
   Lair: D:8-11         Orc: D:9-12

Altars:
Ashenzari
Cheibriados
Dithmenos
Elyvilon
Fedhas
Gozag
Hepliaklqana
Kikubaaqudgha
Makhleb
Nemelex Xobeh
Okawaru
Qazlal
Ru
Sif Muna
Trog
Uskayaw
Vehumet
Wu Jian
Xom
Yredelemnul
The Shining One

Shops:
D:1 !   D:6 *=   D:8 [   D:9 [(:((


Innate Abilities, Weirdness & Mutations

You are immune to sickness and miasma.
Your stone body is resilient. (AC +8)
You are immune to poison.
You resist negative energy. (rN+)
You are resistant to electric shocks. (rElec)
You are resistant to unholy torment.
You are immune to petrification.


Message History

* * * LOW HITPOINT WARNING * * *
A wave of flame ripples out!
The flame wave engulfs the large slime creature!
The large slime creature is severely wounded.
The flame wave engulfs the large slime creature!!
The large slime creature is moderately wounded.
The large slime creature hits you but does no damage.
Two slime creatures merge to form an enormous slime creature.
A wave of flame ripples out!
The flame wave engulfs the enormous slime creature!!
The enormous slime creature is heavily wounded.
Unknown command.
Unknown command.
You feel much better.
Casting: Flame Wave (safe; 1% risk of failure)
Confirm with . or Enter, or press ? or * to list all spells.
Flames lash the enormous slime creature.
The enormous slime creature is severely wounded.
The enormous slime creature's fire resistance burns away.
The enormous slime creature hits you!!
Casting: Scorch (safe; 1% risk of failure)
Confirm with . or Enter, or press ? or * to list all spells.
Flames lash the enormous slime creature.
The enormous slime creature is burned terribly!
The enormous slime creature is severely wounded.
The enormous slime creature barely misses you.
Casting: Scorch (safe; 1% risk of failure)
Confirm with . or Enter, or press ? or * to list all spells.
Flames lash the enormous slime creature.
The enormous slime creature is burned terribly!
The enormous slime creature is severely wounded.
The enormous slime creature barely misses you.
Casting: Scorch (safe; 1% risk of failure)
Confirm with . or Enter, or press ? or * to list all spells.
Flames lash the enormous slime creature.
The enormous slime creature is burned terribly!
The enormous slime creature is severely wounded.
The enormous slime creature hits you!!!
Ouch! That really hurt!
You die...

####### #.....#
########## #.....#
#........# #####.....#
#........###..J@.)...#
##.......J##..###.))..#
.......[.....## #..)..#
#........#### ###'###
#.....#### #.## #.....
#..# #._8_. ##.# #.._..
### #####.#### #.....
.... #........#


You could see an enormous slime creature (combustible).

Vanquished Creatures
  A two-headed ogre (D:9)
  Amaemon (D:8)
  Pikel (D:9)
  An orange demon (D:8)
  2 slime creatures (D:10)
  5 yaks (D:9)
  A wraith (D:6)
  Grum (Bailey)
  A steam dragon (D:8)
  3 water moccasins
  A sky beast (D:6)
  5 orc warriors
  An ice beast (D:6)
  2 black bears
  2 ogres
  7 wolves (Bailey)
  2 centaurs
  2 lemures (D:9)
  8 kobold brigands
  2 scorpions
  3 bullfrogs (D:7)
  A necrophage (D:7)
  6 gnoll sergeants
  15 killer bees
  7 howler monkeys
  5 hounds
  2 orc priests
  2 jellies (D:6)
  7 gnoll boudas
  Crazy Yiuf (D:2)
  Natasha (thrice) (D:2)
  10 iguanas
  13 orc wizards
  38 gnolls
  6 adders
  2 white imps (D:6)
  2 ufetubi
  4 worms (D:2)
  2 dart slugs
  37 orcs
  9 endoplasms
  7 giant cockroaches
  3 hobgoblins
  4 jackals
  6 quokkas
  11 ball pythons
  9 bats
  3 frilled lizards
  18 goblins
  31 kobolds
  7 rats
323 creatures vanquished.

Vanquished Creatures (others)
  923 foxfires
  A fungus (D:2)
  3 plants (D:3)
927 creatures vanquished.

Grand Total: 1250 creatures vanquished

Notes
Turn   | Place    | Note
-------+----------+-------------------------------------------
     0 | D:1      | funkygono the Gargoyle Fire Elementalist began the quest
                  | for the Orb.
     0 | D:1      | Reached XP level 1. HP: 10/10 MP: 3/3
   124 | D:1      | Reached XP level 2. HP: 16/16 MP: 1/5
   127 | D:1      | Learned a level 2 spell: Scorch
   424 | D:1      | Found Tauciu's Distillery.
   528 | D:1      | Reached XP level 3. HP: 20/20 MP: 0/6
   532 | D:1      | Learned a level 3 spell: Kindle Blastsparks
  1208 | D:2      | Reached skill level 4 in Fire Magic
  1266 | D:2      | Reached skill level 1 in Fighting
  1285 | D:2      | Noticed Natasha
  1463 | D:2      | Killed Natasha
  1464 | D:2      | Reached XP level 4. HP: 25/25 MP: 1/7
  1548 | D:2      | Noticed Natasha
  1561 | D:2      | Killed Natasha
  1826 | D:2      | Noticed Natasha
  1832 | D:2      | Killed Natasha
  1833 | D:2      | Reached XP level 5. HP: 29/29 MP: 2/9
  1954 | D:2      | Found a runed translucent door.
  1955 | D:2      | Noticed Crazy Yiuf
  2466 | D:2      | Killed Crazy Yiuf
  2532 | D:2      | Learned a level 4 spell: Flame Wave
  2736 | D:3      | Reached XP level 6. HP: 34/34 MP: 4/11
  3106 | D:3      | Found a sparkling altar of Nemelex Xobeh.
  3290 | D:3      | Found a blossoming altar of Fedhas.
  3667 | D:4      | Found a glowing golden altar of the Shining One.
  3883 | D:4      | Reached skill level 5 in Fire Magic
  3979 | D:4      | Reached XP level 7. HP: 34/40 MP: 2/12
  4420 | D:4      | Found a stormy altar of Qazlal.
  4523 | D:4      | Identified the +2 robe of Sidua {rPois rCorr Str-3 Int+4}
  4757 | D:4      | Learned a level 1 spell: Sandblast
  4761 | D:4      | Learned a level 3 spell: Stone Arrow
  4765 | D:5      | Entered Level 5 of the Dungeon
  5283 | D:5      | Reached skill level 6 in Fire Magic
  5283 | D:5      | Reached skill level 1 in Earth Magic
  5283 | D:5      | Reached XP level 8. HP: 45/45 MP: 4/15
  5284 | D:5      | Reached skill level 5 in Spellcasting
  5902 | D:5      | Found a staircase to the Ecumenical Temple.
  5942 | Temple   | Entered the Ecumenical Temple
  6062 | Temple   | Became a worshipper of Vehumet
  6247 | D:5      | Identified the +1 leather armour "Gonnipt" {-Tele Dex+5}
  6605 | D:6      | Reached skill level 5 in Conjurations
  6726 | D:6      | Noticed a wraith
  6739 | D:6      | Killed a wraith
  6740 | D:6      | Reached XP level 9. HP: 49/51 MP: 0/18
  6957 | D:6      | Reached skill level 7 in Fire Magic
  7337 | D:6      | Found Ohagalia's Jewellery Boutique.
  7602 | D:6      | Found Tateets's Assorted Antiques.
  8077 | D:7      | Reached * piety under Vehumet
  8077 | D:7      | Offered knowledge of Magic Dart by Vehumet.
  8078 | D:7      | Reached skill level 8 in Fire Magic
  8192 | D:7      | Found a white marble altar of Elyvilon.
  8821 | D:7      | Learned a level 1 spell: Magic Dart
  8830 | D:8      | Found a flagged portal.
  8872 | Bailey   | Entered a bailey
  8880 | Bailey   | Reached skill level 1 in Maces & Flails
  9084 | Bailey   | Reached ** piety under Vehumet
  9237 | Bailey   | Offered knowledge of Poisonous Vapours by Vehumet.
  9238 | Bailey   | Reached XP level 10. HP: 56/56 MP: 13/20
  9398 | Bailey   | Noticed Grum
  9410 | Bailey   | Killed Grum
 10364 | D:8      | Found Weedghusm's Antique Armour Shoppe.
 10450 | D:8      | Reached skill level 1 in Evocations
 10554 | D:8      | Found a bloodstained altar of Trog.
 10660 | D:8      | Offered knowledge of Ignite Poison by Vehumet.
 10665 | D:8      | Learned a level 3 spell: Ignite Poison
 10782 | D:8      | Reached skill level 9 in Fire Magic
 10846 | D:8      | Noticed an orange demon
 10849 | D:8      | Noticed Amaemon
 10871 | D:8      | Killed Amaemon
 10871 | D:8      | Killed an orange demon
 10872 | D:8      | Reached skill level 1 in Poison Magic
 11326 | D:9      | Found Omiaqeh's Weapon Boutique.
 11428 | D:9      | Reached skill level 5 in Fighting
 11464 | D:9      | Found Uffobbi's Weapon Shop.
 11479 | D:9      | Reached *** piety under Vehumet
 11585 | D:9      | Noticed Pikel
 11590 | D:9      | Killed Pikel
 11591 | D:9      | Reached XP level 11. HP: 64/64 MP: 11/22
 11877 | D:9      | Found Kuidwya's Weapon Shop.
 11898 | D:9      | Found Cobowke's Armour Shop.
 11910 | D:9      | Offered knowledge of Dazzling Flash by Vehumet.
 11924 | D:9      | Noticed a two-headed ogre
 11934 | D:9      | Killed a two-headed ogre
 12025 | D:9      | Reached **** piety under Vehumet
 12420 | D:9      | Found Kicry's Book Boutique.
 12638 | D:10     | Entered Level 10 of the Dungeon
 12705 | D:10     | Found a snail-covered altar of Cheibriados.
 12708 | D:10     | Found a sacrificial altar of Ru.
 12708 | D:10     | Found a hazy altar of Hepliaklqana.
 12718 | D:10     | HP: 3/64 [large slime creature (13)]
 12732 | D:10     | Annihilated by an enormous slime creature

Illustrated notes

Levels and vault maps discovered:
D:1:      dpeg_arrival_refuge, layout_loops_ring, serial_shops,
          nicolae_shop_behind_doors
D:2:      layout_rooms, kennysheep_donut, uniq_crazy_yiuf_cottage, uniq_natasha
D:3:      layout_loops_cross, nemelex_xobeh_ov_fountains_minmay,
          fedhas_ov_isle_minmay, mrwooster_statue_mirror
D:4:      layout_loops_ring, mainiacjoe_overflow_tiny_flanked,
          general_overflow_altar, nicolae_figureground_sparkle
D:5:      minmay_spotlight, layout_loops_ring, minmay_temple_entry_tees,
          kennysheep_generic_room_6
D:6:      layout_loops_corners, serial_shops, shop_statue, shop_statue,
          minmay_small_thing
D:7:      layout_cave_pools, amcnicky_altar_gilded, minmay_misc_feat_tiny,
          nicolae_concentric_dashed_squares_wild,
          hangedman_decor_diamond_cutter, corexii_hall_statues_s
D:8:      layout_basic, trog_hazing_becter, enter_bailey_3, serial_shops, shop,
          uniq_amaemon
D:9:      layout_grid_maze, serial_shops, nicolae_shop_bloodbath_and_beyond,
          nicolae_shop_trees, nicolae_shop_window_shopping,
          nicolae_shop_hallway_plus, shop_coins, hangedman_decor_opposing,
          uniq_pikel
D:10:     layout_roguey, mainiacjoe_overflow_alcove_4,
          chequers_temple_overflow_statue_of_worship,
          due_lair_maze_entry_diamond, uniq_maggie, uniq_urug
Temple:   hc_temple_tempest_star

Skill      XL: |  1  2  3  4  5  6  7  8  9 10 11 |
---------------+----------------------------------+-----
Fire Magic     | 4 5 6 8 9 |  9.9
Fighting       | 1 2 3 5 6 |  6.2
Conjurations   | 2 3 4 5 7 8 |  8.4
Spellcasting   | 3 4 6 7 8 |  8.6
Earth Magic    | 1 3 4 |  4.8
Dodging        | 2 3 |  3.3
Maces & Flails | 1 2 |  2.2
Stealth        | 3 |  3.0
Evocations     | 1 |  1.0
Poison Magic   | 2 |  2.0

Action                   |  1- 3 |  4- 6 |  7- 9 | 10-12 || total
-------------------------+-------+-------+-------+-------++-------
Melee: Unarmed           |     2 |       |       |       ||     2
       Club              |     7 |       |       |       ||     7
       Whip              |       |    23 |    29 |    38 ||    90
       Punch             |       |       |       |     1 ||     1
 Cast: Foxfire           |    67 |   111 |   194 |   152 ||   524
       Scorch            |     3 |     7 |    15 |    19 ||    44
       Stone Arrow       |       |       |    22 |       ||    22
       Sandblast         |       |       |     1 |       ||     1
       Flame Wave        |       |       |     9 |    30 ||    39
Evoke: Wand              |       |       |       |    12 ||    12
       Piece from Xom's  |       |       |       |     1 ||     1
       Tin of tremorston |       |       |       |     1 ||     1
  Use: Scroll            |       |    11 |    12 |     3 ||    26
       Potion            |       |       |     1 |     9 ||    10
 Stab: Sleeping          |       |       |       |     1 ||     1
Armor: Robe              |    19 |    21 |    59 |   145 ||   244
Dodge: Dodged            |    32 |    30 |    99 |   152 ||   313

Table legend: (Time is in decaauts)
 A = Elapsed time spent in this place.
 B = Non-inter-level travel time spent in this place.
 C = Inter-level travel time spent in this place.
 D = Time resting spent in this place.
 E = Time spent auto-exploring this place.
 F = Levels seen in this place.
 G = Mean time per level.
                   A        B        C        D        E       F      G
               +--------+--------+--------+--------+--------+-----+--------+
         Total |  12762 |  12574 |    188 |   1011 |   9273 |  12 | 1063.5 |
       Dungeon |  11068 |  10895 |    173 |    454 |   8723 |  10 | 1106.8 |
        Temple |    260 |    245 |     15 |      0 |    232 |   1 |  260.0 |
        Bailey |   1433 |   1433 |      0 |    557 |    318 |   1 | 1433.0 |
               +--------+--------+--------+--------+--------+-----+--------+

Top non-repeatable levels by time:
     D:6: 1450 daAuts
  Bailey: 1433 daAuts
     D:5: 1401 daAuts
     D:1: 1316 daAuts
     D:9: 1311 daAuts
     D:2: 1275 daAuts
     D:3: 1186 daAuts
     D:4: 1071 daAuts
     D:8: 1064 daAuts
     D:7: 894 daAuts
  Temple: 260 daAuts
    D:10: 93 daAuts
